[Event "Titled Tuesday Blitz March 22 Early 2022"]
[White "Pourkashiyan, Atousa"]
[Black "Dronavalli, Harika"]
[WhiteFideId "12502014"]
[BlackFideId "5015197"]
[WhiteElo "2247"]
[BlackElo "2382"]
[Result "0-1"]
[Round "03"]
[TimeControl "180+1"]
[Date "2022.03.22"]
[WhiteClock "0:00:01"]
[BlackClock "0:00:23"]

1. e4 c5 2. Nf3 e6 3. d4 cxd4 4. Nxd4 a6 5. Nc3 b5 6. Bd3 Bc5 7. Nb3 Ba7 8. O-O Bb7 9. Qe2 Ne7 10. Be3 Nbc6 11. Bxa7 Rxa7 12. e5 d5 13. exd6 Qxd6 14. Rad1 Qe5 15. Qg4 h5 16. Qh4 Qf6 17. Qxf6 gxf6 18. Ne4 Nd5 19. c4 bxc4 20. Bxc4 Nce7 21. Nbc5 Kf8 22. b3 a5 23. Nxb7 Rxb7 24. Nc5 Rc7 25. Ne4 Kg7 26. Rfe1 h4 27. Rd3 a4 28. Rf3 axb3 29. axb3 Ra7 30. h3 Rha8 31. Nc5 Ra1 32. Rxa1 Rxa1+ 33. Kh2 f5 34. Nd3 Kf6 35. Nf4 Nxf4 36. Rxf4 Ng6 37. Rf3 Rb1 38. Re3 e5 39. Rd3 e4 40. Rd6+ Ke7 41. Ra6 Ne5 42. Ra5 Nxc4 43. bxc4 Kf6 44. Ra6+ Kg5 45. Ra7 Kg6 46. Ra6+ f6 47. c5 Rc1 48. Rc6 f4 49. Re6 Kf5 50. Rc6 e3 51. fxe3 fxe3 52. g4+ hxg3+ 53. Kxg3 e2 0-1


[Site "https://www.chess.com"]

[Event "Titled Tuesday Blitz March 22 Early 2022"]
[White "Przybylski, Wojciech"]
[Black "Skuhala, Barbara"]
[WhiteFideId "1117599"]
[BlackFideId "14605465"]
[WhiteElo "2133"]
[BlackElo "2155"]
[Result "1-0"]
[Round "03"]
[TimeControl "180+1"]
[Date "2022.03.22"]
[WhiteClock "0:00:38"]
[BlackClock "0:02:06"]

1. e4 c5 2. Nf3 d6 3. d4 cxd4 4. Nxd4 Nf6 5. Nc3 a6 6. h3 e5 7. Nde2 h5 8. Nd5 Nxd5 9. Qxd5 Nc6 10. Be3 Be6 11. Qd2 Rc8 12. Nc3 Be7 13. Be2 g6 14. O-O-O b5 15. Kb1 Na5 16. Nd5 Bxd5 17. Qxd5 Nc4 18. Bc1 Qc7 19. Bxc4 bxc4 20. g3 c3 21. b3 O-O 22. f4 a5 23. f5 Kh7 24. g4 h4 25. g5 a4 26. f6 axb3 27. axb3 Ra8 28. fxe7 Qxe7 29. Be3 Ra6 30. Rhf1 Rfa8 31. Rxf7+ Kh8 32. Qxa8+ 1-0


[Site "https://www.chess.com"]

[Event "Titled Tuesday Blitz March 22 Early 2022"]
[White "Rastbod, Ali"]
[Black "Xu, Yi"]
[WhiteFideId "12567477"]
[BlackFideId "8605564"]
[WhiteElo "2200"]
[BlackElo "2471"]
[Result "0-1"]
[Round "03"]
[TimeControl "180+1"]
[Date "2022.03.22"]
[WhiteClock "0:00:15"]
[BlackClock "0:00:10"]

1. c4 Nf6 2. Nc3 e6 3. e4 d5 4. e5 d4 5. exf6 dxc3 6. bxc3 Qxf6 7. d4 e5 8. Nf3 Nc6 9. Bg5 Qg6 10. h4 h6 11. h5 Qf5 12. Be3 exd4 13. Nxd4 Nxd4 14. Qxd4 Be6 15. Bd3 Qa5 16. O-O Qxh5 17. c5 Qd5 18. Qa4+ Bd7 19. Bb5 Bxb5 20. Qxb5+ Qc6 21. Qb3 Be7 22. Rab1 b6 23. Rfe1 O-O 24. cxb6 axb6 25. Bxb6 Bd6 26. Bd4 Qa6 27. Ra1 Qa3 28. Qd1 Ra5 29. Qf3 Rg5 30. Re2 Qa4 31. Be3 Rg6 32. Rae1 Qh4 33. Rd2 Qh2+ 34. Kf1 Qh1+ 35. Ke2 Qxg2 36. Qxg2 Rxg2 37. Kf3 Rg6 38. c4 Bb4 39. Red1 Bxd2 40. Rxd2 Ra6 41. Bd4 Rfa8 42. Be5 Rxa2 43. Rd7 Rc8 44. c5 Rc2 45. Bd4 Kf8 46. Ke4 Ke8 47. Rd5 c6 48. Rh5 Kf8 49. Kd3 Rc1 50. Rh4 Rb1 51. Bc3 Rb7 52. Rg4 Rd7+ 53. Kc4 g6 54. Rh4 h5 55. Rh1 Rd5 56. Rf1 Re8 57. f4 Re4+ 58. Kb3 Rxc5 59. Bb4 Rxb4+ 60. Kxb4 Rf5 61. Kc4 g5 62. Ra1 Rxf4+ 63. Kc5 Kg7 64. Kd6 h4 65. Ke5 Kg6 66. Rg1 f6+ 67. Ke6 h3 68. Kd6 g4 69. Rh1 Kg5 70. Rf1 Rxf1 0-1


[Site "https://www.chess.com"]

[Event "Titled Tuesday Blitz March 22 Early 2022"]
[White "Rodrigue-Lemieux, Shawn"]
[Black "Martin Duque, Jesus"]
[WhiteFideId "2620049"]
[BlackFideId "2208954"]
[WhiteElo "1763"]
[BlackElo "2243"]
[Result "1-0"]
[Round "03"]
[TimeControl "180+1"]
[Date "2022.03.22"]
[WhiteClock "0:00:05"]
[BlackClock "0:00:02"]

1. c4 b6 2. e4 Bb7 3. Nc3 c5 4. g3 g6 5. Bg2 Bg7 6. Nge2 Nc6 7. O-O e6 8. d3 d6 9. Be3 Nd4 10. Qd2 Qd7 11. f4 Ne7 12. Rae1 O-O 13. b4 f5 14. a3 Rae8 15. h3 Kh8 16. Kh2 Nec6 17. b5 Na5 18. Bg1 Nab3 19. Qa2 a6 20. bxa6 Bxa6 21. Nxd4 Nxd4 22. Ne2 fxe4 23. Nxd4 cxd4 24. Bxe4 d5 25. cxd5 exd5 26. Qxd5 Qxd5 27. Bxd5 Bxd3 28. Rxe8 Rxe8 29. Rd1 Re2+ 30. Kh1 Bf5 31. Rxd4 Bxh3 32. Rb4 h5 33. Rxb6 Bf5 34. Bf3 Re1 35. Rb8+ Kh7 36. Kg2 Ra1 37. Rb7 Ra2+ 38. Bf2 Kh6 39. Re7 Rxa3 40. Be4 Bg4 41. Rc7 Ra6 42. Bd3 Rd6 43. Be4 Re6 44. Bf3 Bxf3+ 45. Kxf3 Ra6 46. Be3 Bf6 47. Rf7 Rc6 48. g4 hxg4+ 49. Kxg4 Bd8 50. Rd7 Bf6 51. Bd2 Ra6 52. Kf3 Rc6 53. Ke4 Kh5 54. Kf3 Kh6 55. Rb7 Re6 56. f5+ Kh5 57. Rh7# 1-0


[Site "https://www.chess.com"]

[Event "Titled Tuesday Blitz March 22 Early 2022"]
[White "Ronka, Erik"]
[Black "Vishnu, Prasanna. V"]
[WhiteFideId "505080"]
[BlackFideId "5030692"]
[WhiteElo "2264"]
[BlackElo "2510"]
[Result "0-1"]
[Round "03"]
[TimeControl "180+1"]
[Date "2022.03.22"]
[WhiteClock "0:00:08"]
[BlackClock "0:00:54"]

1. e4 c5 2. Nf3 d6 3. d4 cxd4 4. Nxd4 Nf6 5. Nc3 a6 6. Nb3 Nbd7 7. a4 b6 8. g4 Bb7 9. Bg2 h6 10. Qe2 Rc8 11. f4 g5 12. fxg5 hxg5 13. Bxg5 Bg7 14. O-O-O Rxc3 15. bxc3 Qc7 16. Bd2 Ne5 17. g5 Nfd7 18. h4 Qc6 19. h5 Nc4 20. Kb1 Be5 21. Bf1 Na3+ 22. Kb2 Nxc2 23. Kxc2 Qxa4 24. Ra1 Qc6 25. Bg2 a5 26. g6 a4 27. Nc1 b5 28. gxf7+ Kd8 29. Rf1 b4 30. Kd1 bxc3 31. Be3 Ba6 32. Qc2 Bb5 33. f8=Q+ Nxf8 34. Re1 Ne6 35. Bf1 Bxf1 36. Rxf1 Qb5 37. Rf2 Rxh5 38. Ne2 Rh1+ 39. Ng1 Rxg1+ 40. Rf1 Rxf1# 0-1


[Site "https://www.chess.com"]

[Event "Titled Tuesday Blitz March 22 Early 2022"]
[White "Rostovtsev, Dmitry"]
[Black "Krylov, Ivan"]
[WhiteFideId "34278320"]
[BlackFideId "24128066"]
[WhiteElo "2359"]
[BlackElo "2258"]
[Result "1/2-1/2"]
[Round "03"]
[TimeControl "180+1"]
[Date "2022.03.22"]
[WhiteClock "0:01:25"]
[BlackClock "0:00:18"]

1. d4 d5 2. Bf4 Nf6 3. Nf3 c5 4. e3 Nc6 5. c3 Qb6 6. Qb3 c4 7. Qxb6 axb6 8. a3 e6 9. Nbd2 Be7 10. Rc1 O-O 11. Be2 b5 12. O-O Nh5 13. Bg3 Nxg3 14. hxg3 f6 15. e4 Bd7 16. exd5 exd5 17. Rfe1 Bd6 18. Bd1 Rae8 19. Bc2 Rxe1+ 20. Rxe1 Re8 21. Rxe8+ Bxe8 22. Bf5 g6 23. Bc2 Kf7 24. Nf1 Bd7 25. Ne3 Ne7 26. Kf1 Bc6 27. Ke2 Bd7 28. Kd2 Bc6 29. Kc1 Bd7 30. Kb1 Bc6 31. Ka2 Nc8 32. b3 Nb6 33. b4 Na4 34. Bxa4 bxa4 35. Kb2 h5 36. Kc2 Ke6 37. Kd2 Bd7 38. Ke2 Bc6 39. Nd2 Bb5 40. f4 Bc6 41. Kf3 g5 42. fxg5 fxg5 43. g4 h4 44. Nf5 Bf4 45. Ne3 Bd7 46. Ndf1 Kd6 47. g3 hxg3 48. Nxg3 Bxe3 49. Kxe3 Bxg4 50. Kf2 Ke6 51. Nf1 Kf5 52. Ke3 Bd1 53. Kd2 Bh5 54. Ke3 Bg6 55. Nd2 Kg4 56. Nf3 Be4 57. Ne5+ Kh3 58. Kf2 g4 59. Kg1 Kg3 60. b5 Kf4 61. b6 g3 62. Nc6 Bf5 63. Nd8 Bc8 64. Nf7 Ke3 65. Nd6 Kd3 66. Nxc8 Kxc3 67. Nd6 Kd2 68. Nxc4+ dxc4 69. d5 c3 70. d6 c2 71. d7 c1=Q+ 72. Kg2 Qc6+ 73. Kxg3 Qxd7 74. Kf4 Qc6 75. Ke5 Qxb6 76. Kd5 Qb3+ 77. Kc5 Qxa3+ 78. Kb5 Qb3+ 79. Ka5 a3 1/2-1/2


[Site "https://www.chess.com"]

[Event "Titled Tuesday Blitz March 22 Early 2022"]
[White "Ruperez Benito, Antonio"]
[Black "Mikhnenko, Alexander"]
[WhiteFideId "22245049"]
[BlackFideId "34143014"]
[WhiteElo "2249"]
[BlackElo "2184"]
[Result "0-1"]
[Round "03"]
[TimeControl "180+1"]
[Date "2022.03.22"]
[WhiteClock "0:00:11"]
[BlackClock "0:00:12"]

1. e4 c5 2. Nf3 e6 3. d4 cxd4 4. Nxd4 Qb6 5. Nc3 Bc5 6. Nce2 e5 7. c3 exd4 8. cxd4 Bb4+ 9. Nc3 Nf6 10. Bd3 Qxd4 11. O-O Bxc3 12. bxc3 Qxc3 13. Rb1 Qc7 14. e5 Nd5 15. Qg4 g6 16. Qf3 Ne7 17. Qf6 Rf8 18. Ba3 Nbc6 19. Rfe1 b6 20. Rbd1 Bb7 21. Bc4 a5 22. Qg7 Nb4 23. Bf1 Qd8 24. Qf6 Nf5 25. Bb5 Qxf6 26. exf6+ Kd8 27. Bb2 Bc6 28. Bxc6 Nxc6 29. Ba3 Re8 30. Rxe8+ Kxe8 31. Re1+ Kd8 32. g4 Nfd4 33. Kg2 Kc7 34. Be7 b5 35. g5 d6 36. Rd1 Kd7 37. f4 Nf5 38. Kf3 d5 39. Rxd5+ Kc7 40. Rc5 Rc8 41. h3 Kd7 42. Rd5+ Ke8 43. Rxb5 Ncd4+ 44. Ke4 Nxb5 45. a4 Nxe7 46. axb5 Nc6 47. bxc6 Rxc6 48. Kd5 Rc8 49. f5 a4 50. fxg6 fxg6 51. h4 Kf7 52. Kd6 Rc1 53. Kd7 a3 54. h5 a2 55. hxg6+ hxg6 56. Kd6 a1=Q 57. Kd5 Re1 58. Kc4 Qd1 0-1


[Site "https://www.chess.com"]

[Event "Titled Tuesday Blitz March 22 Early 2022"]
[White "Saldano Dayer, Horacio"]
[Black "Abdrlauf, Elham"]
[WhiteFideId "103411"]
[BlackFideId "1533533"]
[WhiteElo "2419"]
[BlackElo "2334"]
[Result "0-1"]
[Round "03"]
[TimeControl "180+1"]
[Date "2022.03.22"]
[WhiteClock "0:00:04"]
[BlackClock "0:01:36"]

1. e4 d5 2. exd5 Qxd5 3. Nc3 Qd6 4. d4 Nf6 5. Nf3 c6 6. Ne5 Nbd7 7. f4 Nb6 8. g4 Nbd5 9. g5 Nxc3 10. bxc3 Qd5 11. Rg1 Qe4+ 12. Qe2 Qxe2+ 13. Bxe2 Ne4 14. Bc4 Nd6 15. Bb3 Bf5 16. c4 e6 17. a4 Be7 18. Be3 h6 19. g6 fxg6 20. Nxg6 Bxg6 21. Rxg6 Kf7 22. Rg2 Nf5 23. Bf2 Bh4 24. c3 g5 25. Bxh4 Nxh4 26. Rf2 g4 27. Bd1 h5 28. Rb1 b6 29. c5 bxc5 30. Rb7+ Kf6 31. dxc5 Rhb8 32. Rh7 Rh8 33. Rc7 Rhc8 34. Rh7 Rh8 35. Rc7 Rhc8 36. Rh7 Nf5 37. Bc2 Rh8 38. Rc7 Ne3 39. Rxc6 Rac8 40. Rxc8 Rxc8 41. Re2 Nd5 42. Re5 Nxf4 43. Re4 e5 44. Rc4 Ke6 45. c6 Kd6 0-1


[Site "https://www.chess.com"]

[Event "Titled Tuesday Blitz March 22 Early 2022"]
[White "Samarth, J Rao"]
[Black "Jaskolka, Tomasz"]
[WhiteFideId "46652370"]
[BlackFideId "1170791"]
[WhiteElo "1514"]
[BlackElo "2073"]
[Result "0-1"]
[Round "03"]
[TimeControl "180+1"]
[Date "2022.03.22"]
[WhiteClock "0:00:39"]
[BlackClock "0:00:47"]

1. d4 e6 2. c4 Nf6 3. Nf3 Bb4+ 4. Bd2 c5 5. e3 O-O 6. Nc3 d5 7. cxd5 exd5 8. Bd3 Nc6 9. O-O c4 10. Be2 Re8 11. Rc1 Bf5 12. Nb5 Bf8 13. Nc3 a6 14. b3 b5 15. bxc4 dxc4 16. Nh4 Bc8 17. Bf3 Bb7 18. g3 b4 19. Na4 c3 20. Bxc3 bxc3 21. Rxc3 Rc8 22. Rb3 Ba8 23. Nb6 Rc7 24. Nxa8 Qxa8 25. Rc3 Qc8 26. Qc1 g5 27. Ng2 Nxd4 28. exd4 Rxc3 29. Qxg5+ Bg7 30. Nf4 Rxf3 31. Nh5 Nxh5 0-1


[Site "https://www.chess.com"]

[Event "Titled Tuesday Blitz March 22 Early 2022"]
[White "Sammed Jaykumar, Shete"]
[Black "Perera Alfonso, Rene Humberto"]
[WhiteFideId "5073421"]
[BlackFideId "3514722"]
[WhiteElo "2253"]
[BlackElo "2313"]
[Result "0-1"]
[Round "03"]
[TimeControl "180+1"]
[Date "2022.03.22"]
[WhiteClock "0:00:01"]
[BlackClock "0:00:35"]

1. d4 d5 2. c4 c6 3. Nf3 Nf6 4. e3 Bg4 5. Nbd2 e6 6. Qc2 Nbd7 7. Bd3 Bd6 8. b3 O-O 9. Bb2 a5 10. a3 Qe7 11. Ne5 Bh5 12. f4 Bg6 13. c5 Bxe5 14. fxe5 Ng4 15. Nf1 Qg5 16. O-O-O Nxe3 17. Nxe3 Qxe3+ 18. Kb1 b6 19. Bxg6 fxg6 20. Rhe1 Qf2 21. Re2 Qf5 22. cxb6 Nxb6 23. Ka2 a4 24. bxa4 Nxa4 25. Qxc6 Rfc8 26. Qb5 Rc2 27. Rxc2 Qxc2 28. Qb3 Nc3+ 29. Qxc3 Qxd1 30. Qc6 Rb8 31. Qxe6+ Kh8 32. Qh3 h6 33. Qc3 Qe2 34. a4 Qxg2 35. h3 g5 36. a5 g4 37. hxg4 Qxg4 38. Qc7 Rc8 39. Qb6 Qd1 40. Ka3 Qd3+ 41. Ka2 Qc4+ 42. Ka3 Rf8 43. Qb3 Qa6 44. Bc3 Rf3 45. Qb4 Qd3 46. Kb3 Qb1+ 47. Ka4 Qc2+ 48. Qb3 Rxc3 0-1


[Site "https://www.chess.com"]

[Event "Titled Tuesday Blitz March 22 Early 2022"]
[White "Samunenkov, Ihor"]
[Black "Bluebaum, Matthias"]
[WhiteFideId "14187086"]
[BlackFideId "24651516"]
[WhiteElo "2409"]
[BlackElo "2550"]
[Result "1-0"]
[Round "03"]
[TimeControl "180+1"]
[Date "2022.03.22"]
[WhiteClock "0:00:05"]
[BlackClock "0:00:14"]

1. d4 Nf6 2. c4 e6 3. Nc3 Bb4 4. e3 c5 5. Ne2 d5 6. a3 Ba5 7. dxc5 dxc4 8. Qxd8+ Kxd8 9. Nd4 Nbd7 10. Bxc4 Bxc3+ 11. bxc3 Nxc5 12. Ke2 Bd7 13. f3 Rc8 14. Bd2 Na4 15. Bb3 Nxc3+ 16. Kd3 Nb5 17. Rhc1 Nxd4 18. Kxd4 Bc6 19. e4 Kd7 20. Ke3 Rhd8 21. Bc3 Ke8 22. Bd4 b6 23. a4 Kf8 24. a5 Nd7 25. axb6 axb6 26. Ra7 e5 27. Bb2 Bb5 28. Ba3+ Kg8 29. Rxc8 Rxc8 30. Bb4 h6 31. Bd5 g5 32. Kd2 Kg7 33. Be7 Kg6 34. h4 gxh4 35. Bxh4 Kg7 36. Bf2 Kg6 37. Rb7 Ra8 38. Bxb6 Re8 39. Be3 Ba4 40. Ra7 Bb5 41. Rb7 Ba4 42. Kc3 Rc8+ 43. Kb4 Bc6 44. Bxc6 Rxc6 45. Rxd7 Rc2 46. Rd2 Rc8 47. Bc5 Kg5 48. Kc4 Kf4 49. Kd5 f5 50. Bd6 fxe4 51. fxe4 Ke3 52. Ra2 h5 53. Bxe5 h4 54. Bd4+ Kd3 55. Ra3+ Ke2 56. e5 Rd8+ 57. Ke4 Kf1 58. Ra2 Rg8 59. e6 Rg4+ 60. Kd5 Rg5+ 61. Be5 Rg7 62. Bxg7 h3 63. gxh3 Kg1 64. e7 Kh1 65. e8=Q Kg1 66. Qe1# 1-0


[Site "https://www.chess.com"]

[Event "Titled Tuesday Blitz March 22 Early 2022"]
[White "Sanchez Alvares, Kelvin Antonio"]
[Black "Shtyka, Sergey"]
[WhiteFideId "3906680"]
[BlackFideId "4138465"]
[WhiteElo "2193"]
[BlackElo "2014"]
[Result "0-1"]
[Round "03"]
[TimeControl "180+1"]
[Date "2022.03.22"]
[WhiteClock "0:00:07"]
[BlackClock "0:00:37"]

1. d4 c5 2. d5 e5 3. c4 d6 4. Nc3 Be7 5. e4 Bg5 6. Nf3 Bxc1 7. Rxc1 Bg4 8. Qa4+ Qd7 9. Qxd7+ Nxd7 10. Nd2 a6 11. h4 Ndf6 12. a4 Ne7 13. Bd3 Ng6 14. g3 Bd7 15. h5 Ne7 16. f3 h6 17. Kf2 Rb8 18. f4 exf4 19. gxf4 O-O 20. Kg3 Ne8 21. e5 Nf5+ 22. Bxf5 Bxf5 23. Nde4 Rd8 24. Rhe1 g6 25. exd6 Nxd6 26. Nxd6 Rxd6 27. Re7 Rb6 28. Nd1 Rb3+ 29. Re3 Rb4 30. b3 gxh5 31. Nf2 Kh7 32. Rcc3 Rg8+ 33. Kh2 b5 34. cxb5 axb5 35. Rxc5 bxa4 36. bxa4 Rxf4 37. Nd3 Rh4+ 0-1


[Site "https://www.chess.com"]

[Event "Titled Tuesday Blitz March 22 Early 2022"]
[White "Sanchez, Robert"]
[Black "Golubka, Petro"]
[WhiteFideId "2034360"]
[BlackFideId "14114224"]
[WhiteElo "2304"]
[BlackElo "2346"]
[Result "0-1"]
[Round "03"]
[TimeControl "180+1"]
[Date "2022.03.22"]
[WhiteClock "0:00:11"]
[BlackClock "0:01:26"]

1. e4 g6 2. d4 Bg7 3. Nc3 c6 4. Nf3 b5 5. Bd3 d6 6. O-O a6 7. h3 h6 8. Be3 Bb7 9. Re1 Nd7 10. Bf4 e5 11. Be3 Ngf6 12. a3 O-O 13. Qd2 Kh7 14. dxe5 dxe5 15. Rad1 Qc7 16. Nh2 Rad8 17. Ng4 Nxg4 18. hxg4 Nf6 19. f3 c5 20. Qf2 Rc8 21. Qh4 Ng8 22. Kf2 Bf6 23. g5 Be7 24. Rh1 c4 25. Be2 Bc5 26. Bxc5 Qxc5+ 27. Kf1 b4 28. axb4 Qxb4 29. Nd5 Bxd5 30. Rxd5 Qxb2 31. Qg4 Qc1+ 32. Rd1 Qxc2 33. Rxh6+ Nxh6 34. Qh4 Rfd8 35. Qxh6+ Kg8 36. Rd5 Rxd5 37. exd5 Qc1+ 38. Kf2 Qd2 39. f4 Qd4+ 40. Kf1 Qxf4+ 41. Bf3 e4 42. Qh3 Rd8 0-1


[Site "https://www.chess.com"]

[Event "Titled Tuesday Blitz March 22 Early 2022"]
[White "Santos Flores, Alberto"]
[Black "Karthikeyan, Murali"]
[WhiteFideId "3601234"]
[BlackFideId "5074452"]
[WhiteElo "2235"]
[BlackElo "2579"]
[Result "0-1"]
[Round "03"]
[TimeControl "180+1"]
[Date "2022.03.22"]
[WhiteClock "0:00:01"]
[BlackClock "0:00:03"]

1. d4 Nf6 2. Nf3 e6 3. Bf4 c5 4. c3 d5 5. Nbd2 Bd6 6. Bg3 O-O 7. e3 Qe7 8. Bd3 b6 9. O-O Ba6 10. Bxa6 Nxa6 11. Qe2 Nc7 12. Bxd6 Qxd6 13. Ne5 b5 14. f4 b4 15. g4 bxc3 16. bxc3 Rab8 17. g5 Nd7 18. Ndf3 Nb5 19. Rfc1 Na3 20. Nxd7 Qxd7 21. Qa6 Nc4 22. Ne5 Nxe5 23. dxe5 Rb6 24. Qa3 Qc6 25. Rab1 Rfb8 26. Rxb6 axb6 27. Qb2 g6 28. Rb1 b5 29. a3 h6 30. h4 hxg5 31. hxg5 Kg7 32. Kf2 Qa6 33. Rh1 Qa4 34. Kg3 Rh8 35. Rxh8 Kxh8 36. Qh2+ Kg8 37. Qb2 Qc4 38. Kf2 Kf8 39. Kf3 Ke7 40. Kf2 Kd7 41. Kf3 Kc6 42. Kf2 Qe4 43. Qe2 d4 44. cxd4 cxd4 45. Qd2 Kd5 0-1


[Site "https://www.chess.com"]

[Event "Titled Tuesday Blitz March 22 Early 2022"]
[White "Sarana, Alexey"]
[Black "Salinas Herrera, Pablo"]
[WhiteFideId "24133795"]
[BlackFideId "3407128"]
[WhiteElo "2666"]
[BlackElo "2541"]
[Result "1-0"]
[Round "03"]
[TimeControl "180+1"]
[Date "2022.03.22"]
[WhiteClock "0:00:04"]
[BlackClock "0:00:01"]

1. d4 d5 2. c4 c6 3. Nf3 Nf6 4. Nc3 e6 5. g3 dxc4 6. Bg2 Nbd7 7. O-O b5 8. e4 Bb7 9. e5 Nd5 10. Ng5 h6 11. Qh5 g6 12. Qh3 Qb6 13. Nce4 Qxd4 14. Nxe6 fxe6 15. Qxe6+ Kd8 16. Bf4 g5 17. Rad1 Qb6 18. Nf6 N7xf6 19. Qxf6+ Kc7 20. Qxh8 gxf4 21. e6 Qc5 22. Rfe1 fxg3 23. hxg3 Kb6 24. Bxd5 cxd5 25. e7 Bxe7 26. Qxh6+ Bc6 27. Re6 Rf8 28. Rd2 Rf3 29. Kg2 Rd3 30. Rde2 d4+ 31. Kh2 Rd1 32. f3 d3 33. Rxc6+ Qxc6 34. Re6 Rd2+ 35. Kh3 Qxe6+ 36. Qxe6+ Ka5 37. Qxe7 Rc2 38. Qxa7+ 1-0


[Site "https://www.chess.com"]

[Event "Titled Tuesday Blitz March 22 Early 2022"]
[White "Selbes, Tarik"]
[Black "Krysa, Leandro"]
[WhiteFideId "6302513"]
[BlackFideId "116807"]
[WhiteElo "2290"]
[BlackElo "2490"]
[Result "1-0"]
[Round "03"]
[TimeControl "180+1"]
[Date "2022.03.22"]
[WhiteClock "0:00:07"]
[BlackClock "0:00:02"]

1. Nf3 d5 2. g3 c6 3. Bg2 Bg4 4. O-O Nd7 5. h3 Bxf3 6. Bxf3 e5 7. d3 Bc5 8. c4 dxc4 9. dxc4 Ngf6 10. Nc3 Qe7 11. a3 Qe6 12. b4 Bd4 13. Bb2 Qxh3 14. e3 Bxc3 15. Bxc3 h5 16. Bg2 Qe6 17. f4 h4 18. fxe5 Nxe5 19. Qd4 Nxc4 20. gxh4 Rd8 21. Qf4 Kf8 22. Rad1 Re8 23. Bd4 Nd5 24. Qg5 f6 25. e4 Qf7 26. Qg3 Ne7 27. e5 Rh6 28. exf6 gxf6 29. Qc3 Rg6 30. Bxf6 Kg8 31. Bg5 Qe6 32. Rde1 Qg4 33. Rf4 Rxg5 34. Rxg4 Rxg4 35. Re4 Rxe4 36. Bxe4 Nd6 37. Bd3 Kf7 38. Qd4 Rd8 39. Qf4+ Ke6 40. h5 Kd7 41. h6 Nd5 42. Qg4+ Ke7 43. h7 Nf6 44. Qg7+ Ke6 45. h8=Q Rxh8 46. Qxh8 Nd5 47. Qh6+ Ke5 48. Bf1 Nf5 49. Qh8+ Kf4 50. Bg2 Nde3 51. Qf8 Kg3 52. Qg8+ Kf4 53. Qf7 Kg3 54. Qxb7 Nd4 55. Qc7+ Kg4 56. Qe5 Ne2+ 57. Kf2 Nxg2 58. Kxg2 Nf4+ 59. Kf1 Nd3 60. Qe4+ Nf4 61. Qxc6 1-0


[Site "https://www.chess.com"]

[Event "Titled Tuesday Blitz March 22 Early 2022"]
[White "Seo, Jung Min"]
[Black "Shuvalov, Evgenij"]
[WhiteFideId "1734687"]
[BlackFideId "4187237"]
[WhiteElo "2401"]
[BlackElo "2151"]
[Result "1-0"]
[Round "03"]
[TimeControl "180+1"]
[Date "2022.03.22"]
[WhiteClock "0:00:38"]
[BlackClock "0:00:48"]

1. d4 Nf6 2. c4 g6 3. Nc3 d5 4. cxd5 Nxd5 5. e4 Nxc3 6. bxc3 Bg7 7. Be3 c5 8. Nf3 Bg4 9. Qd2 Bxf3 10. gxf3 Qa5 11. Rb1 Nd7 12. Rxb7 Rd8 13. Rb5 Qa4 14. Rb7 Qa5 15. Bb5 e6 16. O-O cxd4 17. Bxd4 e5 18. Bxd7+ Rxd7 19. Rxd7 exd4 20. Rxd4 Bxd4 21. Qxd4 O-O 22. a4 Rd8 23. Qf6 Rc8 24. Rd1 Qxa4 25. Rd4 Qa5 26. Rd7 Rf8 27. Kg2 h6 28. e5 Qa2 29. Qe7 a5 30. Rc7 Qe6 31. Qxe6 fxe6 32. Ra7 Rc8 33. Rxa5 Rxc3 34. h4 g5 35. hxg5 hxg5 36. Kg3 Rc4 37. Ra7 Rf4 38. Re7 Rb4 39. Rxe6 Kf7 40. Rf6+ Kg7 41. Rf5 Kg6 42. Rf6+ Kg7 43. f4 gxf4+ 44. Rxf4 Rb5 45. Rf5 Kg6 46. Kg4 Rb4+ 47. f4 Rb1 48. Rf6+ Kg7 49. Kf5 Rb5 50. Ra6 Rb7 51. Kg5 Kf7 52. f5 Kg7 53. f6+ Kf7 54. Kf5 Kg8 55. e6 Kh7 56. e7 1-0


[Site "https://www.chess.com"]

[Event "Titled Tuesday Blitz March 22 Early 2022"]
[White "Shuvalova, Polina"]
[Black "Dreev, Aleksey"]
[WhiteFideId "24171760"]
[BlackFideId "4100107"]
[WhiteElo "2355"]
[BlackElo "2625"]
[Result "0-1"]
[Round "03"]
[TimeControl "180+1"]
[Date "2022.03.22"]
[WhiteClock "0:00:10"]
[BlackClock "0:00:11"]

1. d4 d5 2. Nf3 Nf6 3. Bf4 Bf5 4. e3 e6 5. Nbd2 Bd6 6. Bxd6 Qxd6 7. c4 O-O 8. Rc1 c6 9. Be2 h6 10. O-O Nbd7 11. h3 Rfe8 12. Qb3 Rab8 13. Rfd1 a6 14. a4 a5 15. Bd3 Ne4 16. Qc2 Ndf6 17. Ne5 Rbd8 18. c5 Qc7 19. Nxe4 dxe4 20. Bf1 Nd5 21. g3 Bh7 22. Bg2 f6 23. Nc4 f5 24. Nd6 Rf8 25. Qc4 g5 26. Qe2 Qg7 27. f4 gxf4 28. gxf4 Qg3 29. Re1 Rd7 30. Qf2 Qg7 31. Kh2 Qf6 32. Rg1 Kh8 33. Bf1 b6 34. Bc4 bxc5 35. Bxd5 Rxd6 36. Bc4 cxd4 37. Rcd1 d3 38. b3 Rd7 39. Rg2 Rg7 40. Rdg1 Rxg2+ 41. Rxg2 Rg8 42. Qd2 Rxg2+ 43. Kxg2 Bg8 44. Qxa5 Qb2+ 45. Kg3 d2 46. Be2 e5 47. fxe5 Qc1 48. Kf2 d1=Q 49. Bxd1 Qxd1 50. Qc3 Qxb3 51. Qxb3 Bxb3 52. a5 Bc4 53. Kg3 Kg7 54. Kf4 Kg6 55. h4 h5 56. Kg3 Kf7 57. Kf4 Ke6 58. Kg5 Kxe5 59. Kxh5 f4 60. exf4+ Kxf4 61. Kg6 e3 62. h5 Bd3+ 63. Kg7 e2 64. a6 Bxa6 65. h6 Bd3 66. h7 Bxh7 67. Kxh7 e1=Q 0-1


[Site "https://www.chess.com"]

[Event "Titled Tuesday Blitz March 22 Early 2022"]
[White "Silva, Kaua Marques"]
[Black "Mikhailovsky, Vladimir"]
[WhiteFideId "22701168"]
[BlackFideId "34105414"]
[WhiteElo "2071"]
[BlackElo "2371"]
[Result "0-1"]
[Round "03"]
[TimeControl "180+1"]
[Date "2022.03.22"]
[WhiteClock "0:00:07"]
[BlackClock "0:00:39"]

1. e4 Nf6 2. e5 Nd5 3. d4 d6 4. Nf3 dxe5 5. Nxe5 c6 6. Bc4 Bf5 7. O-O e6 8. Re1 Be7 9. Nc3 O-O 10. Nxd5 cxd5 11. Bd3 Bxd3 12. Qxd3 Nc6 13. c3 Rb8 14. a3 Nxe5 15. Rxe5 b5 16. Bd2 a5 17. g3 b4 18. axb4 axb4 19. c4 Bf6 20. Bf4 dxc4 21. Qxc4 Bxe5 22. Bxe5 Rb7 23. Ra6 b3 24. Rc6 Qd5 25. Qc1 f6 26. Rd6 Qe4 27. Bf4 Qc2 28. Rxe6 Qxc1+ 29. Bxc1 Rc8 30. Re1 Rc2 31. Rd1 Ra7 32. Be3 Rxb2 33. d5 Rd7 34. Rd3 Rb1+ 35. Kg2 Kf7 36. Bc5 b2 37. Rb3 Rc1 38. Ba3 b1=Q 0-1


[Site "https://www.chess.com"]

[Event "Titled Tuesday Blitz March 22 Early 2022"]
[White "Skliarov, Viktor"]
[Black "Brunner, Nicolas"]
[WhiteFideId "14106736"]
[BlackFideId "620246"]
[WhiteElo "2229"]
[BlackElo "2372"]
[Result "0-1"]
[Round "03"]
[TimeControl "180+1"]
[Date "2022.03.22"]
[WhiteClock "0:00:23"]
[BlackClock "0:00:38"]

1. e4 e6 2. d4 d5 3. e5 c5 4. c3 Nc6 5. Nf3 Qb6 6. a3 Nh6 7. b4 cxd4 8. Bxh6 gxh6 9. cxd4 Bd7 10. Ra2 Rg8 11. h3 Rc8 12. Rc2 a5 13. b5 Na7 14. a4 Bb4+ 15. Nbd2 Ke7 16. Rxc8 Rxc8 17. Bd3 Bc3 18. O-O Bxd4 19. Nxd4 Qxd4 20. Nf3 Qb4 21. Bxh7 Rc4 22. Bd3 Rc3 23. Bb1 Rc4 24. Qd3 Qxa4 25. Qh7 Nxb5 26. Qxh6 Be8 27. Qf6+ Kd7 28. Bd3 Rc3 29. Bxb5+ Qxb5 30. h4 a4 31. h5 a3 32. h6 a2 33. h7 Qxf1+ 34. Kxf1 a1=Q+ 35. Ne1 Rc1 36. g3 Rxe1+ 37. Kg2 Rg1+ 38. Kf3 Qd1+ 39. Kf4 Qd2+ 40. Kf3 Qd3+ 41. Kf4 Qxh7 0-1


[Site "https://www.chess.com"]